 Dungeon Crawl Stone Soup version 0.18.1-48-g4cf74bf (webtiles) character file.

14975 Inkary the Spear-Bearer (level 11, -2/101 HPs)
             Began as a Minotaur Fighter on July 23, 2016.
             Was an Elder of Makhleb.
             Killed from afar by a wretched star (18 damage)
             ... with an orb of energy
             ... on level 1 of the Abyss.
             The game lasted 01:12:38 (11435 turns).

Inkary the Spear-Bearer (Minotaur Fighter)         Turns: 11435, Time: 01:12:39

Health: -2/101     AC: 12    Str: 19 (20) XL:     11   Next: 95%
Magic:  11/11      EV:  9    Int:  3      God:    Makhleb [****..]
Gold:   746        SH: 15    Dex: 12 (13) Spells: 2 memorised, 10 levels left

rFire  . . .     SeeInvis .     a - +0 trident
rCold  + . .     Gourm    .     g - +1 ring mail {rC+}
rNeg   + . .     Faith    .     c - +0 shield
rPois  .         Spirit   .     G - +2 hat {MR+}
rElec  .         Dismiss  .     N - +0 cloak
rCorr  .         Reflect  +     t - +0 pair of gloves
SustAt .         Harm     .     (no boots)
MR     ++...                    E - +4 amulet of reflection
Stlth  +.........               I - +3 ring of dexterity
                                M - ring of positive energy

@: drained, very resistant to hostile enchantments, very unstealthy
A: retaliatory headbutt, horns 2, blink, deterioration 2, dopey 1, low mp 2,
magic resistance 1, mutation resistance 1, weak 2, MP-powered wands
a: Blink, Minor Destruction, Lesser Servant of Makhleb, Major Destruction,
Renounce Religion


You were on level 1 of the Abyss.
You worshipped Makhleb.
Makhleb was greatly pleased with you.
You were not hungry.

You visited 2 branches of the dungeon, and saw 13 of its levels.
You visited the Abyss 1 time.

You collected 746 gold pieces.

Inventory:

Hand Weapons
 a - a +0 trident (weapon)
 q - the +3 whip "Maefack" {venom, Str+4}
   (You found it on level 9 of the Dungeon)

   It poisons the flesh of those it strikes.
   It affects your strength (+4).
Armour
 c - a +0 shield (worn)
 g - a +1 ring mail of cold resistance (worn)
 t - a +0 pair of gloves (worn)
 G - a +2 hat of magic resistance (worn)
 N - a +0 cloak (worn)
Jewellery
 z - an uncursed ring of sustain attributes
 E - a +4 amulet of reflection (around neck)
 F - an uncursed ring of fire
 I - a +3 ring of dexterity (right hand)
 M - a ring of positive energy (left hand)
 Q - an uncursed ring of protection from cold
 Y - an uncursed ring of flight
Wands
 b - a wand of confusion (20/48)
 A - a wand of iceblast (6/15)
 J - a wand of lightning (9/15)
 K - a wand of slowing (14/48)
 S - a wand of random effects (27/48)
 U - a wand of confusion (30/48)
Scrolls
 e - 3 scrolls of magic mapping
 h - a scroll of fog {unknown}
 n - 2 scrolls of recharging
 o - 7 scrolls of remove curse
 r - a scroll of noise
 v - 2 scrolls of amnesia {unknown}
 y - 2 scrolls of fear
 D - a scroll of enchant armour {unknown}
 L - a scroll of enchant weapon {unknown}
 P - a scroll of silence {unknown}
 R - a scroll of teleportation {unknown}
 T - a scroll of random uselessness {unknown}
 W - a scroll of immolation {unknown}
Potions
 d - 5 potions of might
 i - 4 potions of curing
 j - a potion of ambrosia
 l - 2 potions of agility
 m - 2 potions of magic
 u - 2 potions of cancellation
 x - a potion of cure mutation
 C - a potion of heal wounds
 O - 3 potions of flight
Books
 B - the Almanac of the Compass and Enchantment
   (You found it on level 4 of the Dungeon)

   Spells                             Type                      Level
   a - Apportation                    Translocation                1
   b - Confuse                        Hexes                        3
   c - Tukima's Dance                 Hexes                        3
   d - Force Lance                    Conjuration/Translocation    4
   e - Passage of Golubria            Translocation                4
   f - Warp Weapon                    Charms/Translocation         5
 X - a book of the Earth

   Spells                             Type                      Level
   a - Leda's Liquefaction            Hexes/Earth                  4
   b - Bolt of Magma                  Conjuration/Fire/Earth       5
   c - Statue Form                    Transmutation/Earth          6
   d - Iron Shot                      Conjuration/Earth            6
   e - Shatter                        Earth                        9
Comestibles
 f - 11 bread rations
 k - 2 fruits
 p - 4 slices of pizza
 s - 4 beef jerkies
 w - 10 meat rations
 H - 10 royal jellies


   Skills:
 + Level 10.4(9.8) Fighting
 + Level 6.3(5.9) Maces & Flails
 - Level 12.3(11.8) Polearms
 - Level 7.1(6.6) Armour
 - Level 1.8(1.3) Dodging
 - Level 8.1(7.6) Shields
 - Level 3.1(2.6) Spellcasting
 - Level 3.1(2.7) Hexes
 + Level 6.9(6.4) Invocations
 - Level 3.4(3.0) Evocations


You had 10 spell levels left.
You knew the following spells:

 Your Spells              Type           Power        Failure   Level  Hunger
a - Tukima's Dance        Hex            #.......     99%         3    ####...
b - Confuse               Hex            #.......     99%         3    ####...


Dungeon Overview and Level Annotations

Branches:
Dungeon (12/15)            Temple (1/1) D:5            Lair (0/8) D:11
    Orc (0/2) D:11

Altars:
Ashenzari
Cheibriados
Dithmenos
Elyvilon
Fedhas
Gozag
Kikubaaqudgha
Makhleb
Nemelex Xobeh
Pakellas
Qazlal
Ru
Sif Muna
Trog
Vehumet
Xom
Yredelemnul
Zin
The Shining One

Annotations:
D:12 Sonja


Innate Abilities, Weirdness & Mutations

You reflexively headbutt those who attack you in melee.
You have a pair of horns on your head.
You can translocate small distances at will.
You are dopey. (Int -2)
You are resistant to hostile enchantments.
You are somewhat resistant to further mutation.
You expend magic power (3 MP) to strengthen your wands.
[Your body often deteriorates upon taking damage.]
[Your magical capacity is very low (-20% MP).]
[You are very weak. (Str -4)]


Message History

The wretched star pulses with an eldritch light!
The fire bat twists and deforms.
Your hellwing twists and deforms.
The fire bat bites your hellwing.
Your hellwing is engulfed in flames.
The fire bat closely misses your hellwing.
The fire bat misses your hellwing.
Your hellwing hits the fire bat!
Your hellwing completely misses the fire bat.
The wretched star glows turbulently.
The orb of energy hits you!
* * * LOW HITPOINT WARNING * * *
Your body deteriorates!
You feel clumsy.
The orb of energy explodes!
Something barely misses your smoke demon.
Your smoke demon hits the wretched star but does no damage. x3
Drink which item? (? for menu, Esc to quit)
Okay, then.
A demon appears!
You feel slightly more hungry.
The wretched star glows turbulently.
The orb of energy hits you!
You die...

#.#.#..
....#.... .
#.....#
.....#...#. ...
#.#.3###.#.##
.. . .. # #.*.#
...# . . # # #
#..##...##.#.#
#.. # ..
#.......4....#
# .. # #
..#####..b.#..#
.. #)##..3..# #
# #.x.@#.###
#.#......#
x.#.##...# .#.#
#..# ##.# ...#
... .##.. #.. #
.#. ## #


You could see a wretched star, a small abomination, a fire bat, a friendly
hellwing, a friendly smoke demon and a friendly neqoxec.

Vanquished Creatures
  A hydra (D:11)
  Erica (D:9)
  A queen ant (D:8)
  A queen bee (D:10)
  Grinder (D:6)
  A wyvern (D:8)
  A yak (D:11)
  2 hippogriffs
  A steam dragon (D:6)
  7 soldier ants (D:8)
  2 water moccasins (D:7)
  4 orc warriors
  3 phantoms
  A black bear (D:10)
  2 wasps
  2 necrophages
  The ghost of ThereIsNoGod the Chopper, an amateur MiGl (D:3)
  4 ice beasts
  7 centaurs
  8 ogres
  2 big kobolds
  4 giant frogs
  Blork the orc (D:9)
  A gnoll sergeant (D:8)
  A wyvern zombie (D:8)
  2 jellies
  5 scorpions
  31 killer bees
  8 wights
  3 howler monkeys
  2 crimson imps
  2 centaur zombies
  A hound (D:4)
  A giant frog skeleton (D:10)
  6 orc priests
  A giant frog zombie (D:8)
  A wasp zombie (D:6)
  A gnoll shaman (D:7)
  14 orc wizards
  A centaur skeleton (D:9)
  29 worker ants
  4 iguanas
  A mummy (D:5)
  2 howler monkey zombies
  A hound skeleton (D:6)
  15 gnolls
  17 adders
  2 shadow imps
  3 oozes
  An adder skeleton (D:8)
  2 adder zombies
  4 worms
  2 dart slugs (D:1)
  4 giant geckos
  32 orcs
  4 ball pythons
  4 bats (D:3)
  7 giant cockroaches
  4 goblins
  9 hobgoblins
  7 jackals
  12 kobolds
  4 quokkas
  A giant gecko skeleton (D:8)
  A giant gecko zombie (D:5)
  4 giant newts
  2 hobgoblin zombies (D:5)
  A jackal skeleton (D:8)
  2 kobold zombies (D:5)
  A quokka zombie (D:9)
  6 rats
327 creatures vanquished.

Vanquished Creatures (collateral kills)
  Gastronok (D:10)
  The ghost of Typee the Grappler, a journeyman DrTm of Cheibriados (D:11)
  A centaur zombie (D:12)
  A smoke demon (Abyss:1)
  A gargoyle (D:12)
  2 trolls
  A yak (D:11)
  A sky beast (D:9)
  2 orc warriors (D:11)
  An ogre (D:11)
  2 centaurs (D:11)
  3 giant frogs
  An iguana (D:9)
  A gnoll (D:11)
  A shadow imp (D:9)
  3 orcs (D:11)
  3 kobolds (D:12)
26 creatures vanquished.

Vanquished Creatures (others)
  A spriggan (D:7)
  5 centaurs
6 creatures vanquished.

Grand Total: 359 creatures vanquished

Notes
Turn   | Place    | Note
--------------------------------------------------------------
     0 | D:1      | Inkary the Minotaur Fighter began the quest for the Orb.
     0 | D:1      | Reached XP level 1. HP: 19/19 MP: 0/0
    45 | D:1      | Reached XP level 2. HP: 21/27 MP: 1/1
   231 | D:1      | Found a sparkling altar of Nemelex Xobeh.
   522 | D:1      | Reached XP level 3. HP: 33/33 MP: 2/2
   867 | D:2      | Reached skill level 3 in Polearms
  1051 | D:2      | Found a sparkling altar of Nemelex Xobeh.
  1204 | D:2      | You fall through a shaft!
  1219 | D:3      | Reached XP level 4. HP: 40/40 MP: 3/3
  1254 | D:3      | Noticed ThereIsNoGod's ghost (amateur MiGl)
  1403 | D:3      | Killed ThereIsNoGod's ghost
  1403 | D:3      | Reached skill level 1 in Dodging
  1403 | D:3      | Reached XP level 5. HP: 15/46 MP: 4/4
  1696 | D:3      | Reached skill level 5 in Armour
  2098 | D:4      | Noticed a phantom
  2120 | D:3      | Killed a phantom
  2120 | D:3      | Reached skill level 4 in Polearms
  2120 | D:3      | Reached skill level 5 in Shields
  2120 | D:3      | Reached XP level 6. HP: 13/53 MP: 5/5
  2636 | D:4      | Reached skill level 5 in Fighting
  2786 | D:4      | Identified the Almanac of the Compass and Enchantment
  2906 | D:4      | Reached XP level 7. HP: 60/61 MP: 6/6
  2912 | D:4      | Reached skill level 5 in Polearms
  3140 | D:5      | Entered Level 5 of the Dungeon
  3218 | D:5      | Found a staircase to the Ecumenical Temple.
  3233 | Temple   | Entered the Ecumenical Temple
  3701 | D:5      | Reached skill level 6 in Polearms
  3748 | D:5      | Reached XP level 8. HP: 50/70 MP: 7/7
  4179 | D:6      | Reached skill level 7 in Polearms
  4385 | D:6      | Reached skill level 1 in Evocations
  4422 | D:6      | Noticed Grinder
  4434 | D:6      | Killed Grinder
  4434 | D:6      | Reached skill level 8 in Polearms
  4798 | D:6      | Reached XP level 9. HP: 70/79 MP: 9/9
  4854 | D:7      | Reached skill level 9 in Polearms
  4896 | D:7      | Found a sacrificial altar of Ru.
  5216 | D:7      | Found a shadowy altar of Dithmenos.
  5317 | D:7      | Found a burning altar of Makhleb.
  5351 | D:7      | Became a worshipper of Makhleb the Destroyer
  5453 | D:7      | Found a snail-covered altar of Cheibriados.
  5453 | D:7      | Found a shimmering altar of Xom.
  5532 | D:8      | Reached skill level 10 in Polearms
  5706 | D:8      | Learned a level 3 spell: Tukima's Dance
  5711 | D:8      | Learned a level 3 spell: Confuse
  5723 | D:8      | Gained mutation: You are somewhat resistant to further mutation. [potion of mutation]
  5723 | D:8      | Lost mutation: You are somewhat resistant to further mutation. [potion of mutation]
  5724 | D:8      | Gained mutation: Your spells are a little easier to cast, but a little less powerful. [potion of mutation]
  5724 | D:8      | Gained mutation: You are clumsy. (Dex -2) [potion of mutation]
  5724 | D:8      | Gained mutation: Your mind is acute. (Int +2) [potion of mutation]
  5726 | D:8      | Lost mutation: You are clumsy. (Dex -2) [potion of cure mutation]
  5726 | D:8      | Lost mutation: Your spells are a little easier to cast, but a little less powerful. [potion of cure mutation]
  5726 | D:8      | Lost mutation: Your mind is acute. (Int +2) [potion of cure mutation]
  5766 | D:8      | Found a radiant altar of Vehumet.
  5810 | D:8      | Reached * piety under Makhleb
  5810 | D:8      | Reached skill level 1 in Spellcasting
  5810 | D:8      | Reached skill level 1 in Hexes
  6197 | D:8      | Reached XP level 10. HP: 83/88 MP: 11/11
  6396 | D:8      | Found a bloodstained altar of Trog.
  6409 | D:8      | Reached ** piety under Makhleb
  6608 | D:8      | Noticed a queen ant
  6924 | D:8      | Reached skill level 11 in Polearms
  7254 | D:8      | Reached *** piety under Makhleb
  7407 | D:8      | Killed a queen ant
  7524 | D:8      | Reached skill level 1 in Invocations
  7743 | D:9      | Noticed Erica
  7754 | D:9      | Killed Erica
  7754 | D:9      | Reached skill level 12 in Polearms
  7761 | D:9      | Found a basalt altar of Yredelemnul.
  7762 | D:9      | Found an ancient bone altar of Kikubaaqudgha.
  7764 | D:9      | Found an opulent altar of Gozag.
  7835 | D:9      | Gained mutation: You can translocate small distances at will. [mutagenic meat]
  7836 | D:9      | Gained mutation: [You are weak. (Str -2)] [mutagenic meat]
  7837 | D:9      | Gained mutation: You are dopey. (Int -2) [mutagenic meat]
  7838 | D:9      | Gained mutation: You are somewhat resistant to further mutation. [mutagenic meat]
  8115 | D:9      | Found a snail-covered altar of Cheibriados.
  8239 | D:9      | Noticed Blork the orc
  8252 | D:9      | Killed Blork the orc
  8255 | D:9      | Found a deep blue altar of Sif Muna.
  8293 | D:9      | Reached XP level 11. HP: 92/94 MP: 14/14
  8314 | D:9      | Gained mutation: You expend magic power (3 MP) to strengthen your wands. [potion of mutation]
  8320 | D:9      | Got a dazzling whip
  8321 | D:9      | Identified the +3 whip "Maefack" {venom, Str+4} (You found it on level 9 of the Dungeon)
  8512 | D:10     | Entered Level 10 of the Dungeon
  8671 | D:9      | Reached skill level 1 in Maces & Flails
  8991 | D:10     | Gained mutation: You are resistant to hostile enchantments. [potion of mutation]
  9066 | D:10     | Noticed Gastronok
  9094 | D:10     | Killed Gastronok
  9493 | D:10     | Reached **** piety under Makhleb
  9548 | D:10     | Reached skill level 5 in Invocations
  9897 | D:11     | Reached ***** piety under Makhleb
 10033 | D:11     | Reached skill level 5 in Maces & Flails
 10182 | D:11     | Found a staircase to the Lair.
 10223 | D:11     | Reached skill level 10 in Fighting
 10469 | D:11     | Noticed Typee's ghost (journeyman DrTm)
 10799 | D:11     | Killed Typee's ghost
 10859 | D:11     | Found a staircase to the Orcish Mines.
 10871 | D:11     | Noticed a five-headed hydra
 10884 | D:11     | Killed a five-headed hydra
 11280 | D:12     | Noticed Sonja
 11303 | D:12     | Cast into level 1 of the Abyss (Sonja)
 11411 | Abyss:1  | Noticed a wretched star
 11416 | Abyss:1  | Noticed a deep elf sorcerer
 11435 | Abyss:1  | Killed from afar by a wretched star

Skill      XL: |  1  2  3  4  5  6  7  8  9 10 11 |
---------------+----------------------------------+-----
Armour         | 4 5 6 7 |  7.1
Shields        | 4 5 6 7 8 |  8.1
Polearms       | 3 4 6 8 10 12 | 12.3
Fighting       | 4 5 6 7 10 | 10.4
Dodging        | 1 |  1.8
Evocations     | 2 3 |  3.4
Spellcasting   | 1 3 |  3.1
Hexes          | 1 3 |  3.1
Invocations    | 3 6 |  6.9
Maces & Flails | 6 |  6.3

Action                   |  1- 3 |  4- 6 |  7- 9 | 10-12 || total
-------------------------+-------+-------+-------+-------++-------
Melee: Trident           |    81 |   145 |   471 |   357 ||  1054
       Headbutt          |     8 |    22 |    81 |   130 ||   241
       Whip              |       |       |       |   350 ||   350
Invok: Lesser Servant of |       |       |       |    15 ||    15
 Abil: Blink             |       |       |       |     2 ||     2
Evoke: Wand              |       |       |       |     6 ||     6
  Use: Potion            |       |     2 |     4 |    11 ||    17
       Scroll            |       |       |    12 |     7 ||    19
 Stab: Distracted        |       |       |       |     5 ||     5
  Eat: Chunk             |     1 |     6 |     9 |    21 ||    37
       Royal jelly       |       |       |     1 |     1 ||     2
       Fruit             |       |       |       |     2 ||     2
Armor: Scale mail        |     2 |       |       |       ||     2
       Ring mail         |    23 |    36 |    68 |   115 ||   242
       Skin              |       |       |       |    26 ||    26
Dodge: Dodged            |    22 |    43 |    77 |   130 ||   272
Block: Shield            |    44 |    88 |   223 |   475 ||   830
       Reflection        |       |       |    22 |    32 ||    54
